Map: New Gettysburg LE

Players

IIIIIIIIIIII

  • Race: Protoss Protoss
  • League: Grandmaster

IIIIIIIIIIII - Winner!

  • Race: Protoss Protoss
  • League: Grandmaster

VOD

Have the link to the VOD?

Description

Time

  • Played on: Aug. 3, 2016, 11:54 p.m.
  • Length: 9:19
Show
View Real Time Build Order
Export as new Build Order

IIIIIIIIIIII Protoss 

Build Orders:  

Get SALT Encoding   

  12  0:01  Probe (Chrono Boost)  
  13  0:11  Probe (Chrono Boost)  
  14  0:18  Pylon  
  14  0:22  Probe (Chrono Boost)  
  15  0:36  Probe (Chrono Boost)  
  15  0:37  Gateway  
  16  0:43  Assimilator  
  16  0:47  Probe (Chrono Boost)  
  17  0:52  Assimilator  
  17  0:58  Probe (Chrono Boost)  
  18  1:05  Gateway  
  18  1:09  Probe (Chrono Boost)  
  19  1:19  Probe (Chrono Boost)  
  19  1:25  Cybernetics Core  
  20  1:30  Probe (Chrono Boost)  
  21  1:33  Pylon  
  21  1:40  Probe (Chrono Boost)  
  22  1:50  Warp Gate  
  22  1:51  Probe (Chrono Boost)  
  23  2:03  Mothership Core (Chrono Boost)  
  23  2:07  Adept x2  
  29  2:17  Pylon  
  29  2:26  Probe (Chrono Boost)  
  30  2:35  Stalker x2  
  35  2:38  Probe (Chrono Boost)  
  35  2:58  Nexus  
  35  3:08  Sentry x2  
  39  3:13  Probe (Chrono Boost)  
  37  3:39  Pylon  
  37  3:41  Probe (Chrono Boost)  
  37  3:49  Twilight Council  
  37  3:52  Sentry  
  37  3:53  Gateway  
  39  3:58  Stalker  
  39  4:01  Probe (Chrono Boost)  
  42  4:08  Robotics Facility  
  42  4:11  Probe (Chrono Boost)  
  42  4:13  Probe (Chrono Boost)  
  42  4:15  Blink  
  44  4:23  Probe x2 (Chrono Boost)  
  46  4:34  Probe (Chrono Boost)  
  46  4:35  Probe (Chrono Boost)  
  48  4:44  Probe (Chrono Boost), Pylon  
  50  4:47  Probe (Chrono Boost)  
  48  4:53  Observer  
  48  4:56  Probe (Chrono Boost)  
  48  4:59  Probe (Chrono Boost)  
  51  5:06  Stalker x2  
  51  5:15  Probe (Chrono Boost)  
  51  5:16  Probe (Chrono Boost)  
  51  5:19  Warp Prism  
  51  5:22  Stalker  
  51  5:28  Probe (Chrono Boost)  
  57  5:29  Probe (Chrono Boost)  
  57  5:40  Stalker, Probe (Chrono Boost)  
  57  5:41  Probe (Chrono Boost)  
  61  5:51  Stalker  
  61  5:52  Probe (Chrono Boost)  
  61  5:53  Probe (Chrono Boost)  
  62  6:02  Pylon  
  62  6:03  Stalker, Probe (Chrono Boost)  
  66  6:05  Probe (Chrono Boost)  
  66  6:13  Probe (Chrono Boost)  
  67  6:21  Probe (Chrono Boost)  
  66  6:29  Stalker x2, Probe (Chrono Boost)  
  66  6:30  Stalker  
  73  6:33  Probe (Chrono Boost)  
  71  6:43  Probe (Chrono Boost)  
  71  6:45  Probe (Chrono Boost)  
  73  6:53  Probe (Chrono Boost)  
  72  6:57  Probe (Chrono Boost)  
  72  7:00  Resonating Glaives  
  73  7:01  Observer  
  73  7:05  Probe (Chrono Boost)  
  73  7:07  Assimilator  
  75  7:09  Assimilator, Probe (Chrono Boost)  
  75  7:10  Adept  
  75  7:14  Forge  
  77  7:16  Gateway  
  77  7:17  Pylon  
  77  7:19  Pylon  
  77  7:20  Pylon  
  75  7:29  Nexus  
  75  7:36  Probe (Chrono Boost)  
  76  7:38  Probe (Chrono Boost)  
  75  7:46  Probe (Chrono Boost)  
  75  7:47  Templar Archives  
  75  7:50  Probe (Chrono Boost)  
  77  7:58  Adept, Sentry  
  81  7:59  Zealot  
  83  8:09  Probe (Chrono Boost)  
  83  8:10  Probe (Chrono Boost)  
  83  8:12  Pylon  
  85  8:13  Pylon  
  85  8:19  Probe (Chrono Boost)  
  82  8:23  Adept x3  
  75  8:28  Immortal  
  79  8:39  Gateway  
  79  8:40  Gateway  
  79  8:45  Adept, High Templar x2  
  85  8:49  Archon  
  83  9:02  Adept, Pylon  
  79  9:11  Adept  
Show
View Real Time Build Order
Export as new Build Order

IIIIIIIIIIII Protoss - Winner!

Build Orders: Oracle Opening 

Get SALT Encoding   

  12  0:02  Probe (Chrono Boost)  
  13  0:12  Probe (Chrono Boost)  
  14  0:20  Pylon  
  14  0:23  Probe (Chrono Boost)  
  15  0:39  Probe (Chrono Boost)  
  15  0:42  Gateway  
  16  0:46  Assimilator  
  16  0:49  Probe (Chrono Boost)  
  17  0:58  Assimilator  
  17  1:00  Probe (Chrono Boost)  
  18  1:08  Gateway  
  18  1:12  Probe (Chrono Boost)  
  19  1:23  Probe (Chrono Boost)  
  20  1:30  Cybernetics Core  
  20  1:34  Probe (Chrono Boost)  
  21  1:43  Pylon  
  21  1:44  Probe (Chrono Boost)  
  22  1:56  Probe (Chrono Boost)  
  23  2:06  Adept x2, Warp Gate  
  27  2:10  Mothership Core (Chrono Boost)  
  29  2:22  Pylon  
  29  2:29  Probe (Chrono Boost)  
  30  2:40  Stargate  
  30  2:43  Probe (Chrono Boost)  
  31  2:49  Stalker x2  
  33  3:03  Probe (Chrono Boost)  
  34  3:17  Pylon  
  29  3:33  Oracle  
  29  3:35  Probe (Chrono Boost)  
  32  3:42  Nexus  
  33  3:50  Probe (Chrono Boost)  
  33  4:02  Probe (Chrono Boost)  
  34  4:04  Oracle  
  37  4:14  Probe (Chrono Boost)  
  38  4:19  Robotics Facility  
  38  4:26  Probe (Chrono Boost)  
  39  4:31  Pylon  
  39  4:51  Probe (Chrono Boost)  
  40  4:53  Sentry  
  40  4:54  Sentry  
  40  4:56  Probe (Chrono Boost)  
  45  5:03  Gateway, Probe (Chrono Boost)  
  45  5:06  Probe (Chrono Boost)  
  48  5:15  Immortal, Probe (Chrono Boost)  
  48  5:17  Probe (Chrono Boost)  
  53  5:25  Assimilator  
  53  5:27  Probe x2 (Chrono Boost)  
  55  5:29  Twilight Council  
  55  5:38  Probe (Chrono Boost)  
  55  5:39  Probe (Chrono Boost)  
  57  5:43  Pylon  
  57  5:48  Probe (Chrono Boost)  
  58  5:53  Resonating Glaives  
  58  5:54  Probe (Chrono Boost)  
  58  5:56  Immortal  
  59  5:59  Probe (Chrono Boost)  
  59  6:03  Pylon  
  64  6:09  Adept x2  
  64  6:10  Probe (Chrono Boost)  
  70  6:11  Probe (Chrono Boost)  
  70  6:20  Pylon  
  70  6:23  Pylon  
  70  6:33  Observer  
  70  6:34  Gateway  
  70  6:37  Gateway  
  71  6:40  Gateway  
  71  6:49  Gateway  
  71  6:51  Pylon  
  71  7:00  Warp Prism  
  69  7:05  Adept x3  
  75  7:24  Nexus  
  75  7:26  Probe (Chrono Boost)  
  75  7:28  Pylon  
  75  7:29  Adept x3  
  82  7:30  Pylon  
  82  7:42  Adept x3  
  85  7:57  Adept x2  
  85  7:58  Adept x2  
  93  8:02  Adept x3  
  95  8:28  Adept x7, Observer  
  106  8:37  Probe (Chrono Boost)  
  106  8:38  Probe x2 (Chrono Boost)  
  105  8:51  Sentry x2  
  105  8:52  Adept x3, Sentry  
  105  8:54  Adept  
  119  8:58  Probe (Chrono Boost)  
  119  8:59  Pylon  
  120  9:03  Pylon  
Tags
 
Add a new tag
Caveats
  • Supply blocks, unpowered buildings, or Contaminate may cause inaccurate times.
  • Supply counts are checked every 10 seconds.